 Dungeon Crawl Stone Soup version 0.30.0 (webtiles) character file.

Game seed: 17223271853684894125

2478315 Moeireigaen the Archmage (level 27, 250/250 HPs)
             Began as a Djinni Conjurer on July 14, 2023.
             Was the Champion of Ashenzari.
             Escaped with the Orb
             ... and 4 runes on July 17, 2023!
             The game lasted 09:24:52 (63283 turns).

Moeireigaen the Archmage (Djinni Conjurer)         Turns: 63283, Time: 09:24:52

Health: 250/250    AC:  7    Str: 10    XL:     27
Gold:   8121       EV: 24    Int: 42    God:    Ashenzari [******] SH: 15 Dex: 15

rFire   + + +        R - +1 mace of Cremastomancy {protect, rN+ Str+4 SInv, Self, Evo} (curse)
rCold   + + +        w - +2 shield of Resistance {rF++ rC++ Will++, Self, Range} (curse)
rNeg    + . .        y - +2 robe of the Chained Seer {rC+, Self, Evo} (curse)
rPois   ∞            O - +2 hat of Ashenzari's Chagrin {Stlth+, Cun, Self} (curse)
rElec   .            k - scarf of Curses and Power {rC+ rF+, Melee, Self} (curse)
rCorr   +            s - +0 pair of gloves "Share My Yoke" {Fort, Self} (curse)
SInv    +            (boots unavailable)
Will    ++++.        U - amulet of Ashenzari's Stars {Regen+, Melee, Self} (curse)
Stlth   ++           r - ring "Omen of Ashenzari" {Int+6, Self, Melee} (curse)
HPRegen 1.41/turn    Q - ring of the Mantic Soothsayer {Ice rCorr Int+5 Stlth+, Self, Melee} (curse)
MPRegen 0.00/turn

%: clarity
@: flying
A: sickness immunity, fire resistance 2, cold vulnerability 1, float, innate
caster, HP casting, extra vitality 1, robust 1, inability to drink after injury
1, MP-powered wands
0: Orb of Zot
}: 4/15 runes: decaying, slimy, silver, gossamer
a: Renounce Religion, Shatter the Chains


You escaped.
You worshipped Ashenzari.
Ashenzari was exalted by your worship.
You visited 11 branches of the dungeon, and saw 53 of its levels.
You visited 1 bazaar.
You also visited: Ossuary, Ice Cave, Volcano and Desolation.

You collected 10239 gold pieces.
You spent 2118 gold pieces at shops.

Inventory:

Hand Weapons
 R - the cursed +1 mace of Cremastomancy (weapon) {protect, rN+ Str+4 SInv, Self, Evo}
   (You found it in an ice cave)

   Str:       It affects your strength (+4).
   rN:        It protects you from negative energy.
   SInv:      It lets you see invisible.
   It has a curse which improves the following skills: Introspection: Fighting
   and Spellcasting.
   Evocations: Evocations.
Missiles
 E - 10 boomerangs of dispersal
Armour
 j - a +2 robe of resistance
 k - the cursed scarf of Curses and Power (worn) {rC+ rF+, Melee, Self}
   (You found it on level 4 of the Spider Nest)

   It has a curse which improves the following skills: Melee Combat: Short
   Blades, Long Blades, Axes, Maces & Flails, Polearms, Staves and Unarmed
   Combat.
   Introspection: Fighting and Spellcasting.
 s - the cursed +0 pair of gloves "Share My Yoke" (worn) {Fort, Self}
   (You found it on level 3 of the Dungeon)

   It has a curse which improves the following skills: Fortitude: Armour and
   Shields.
   Introspection: Fighting and Spellcasting.
 w - the cursed +2 shield of Resistance (worn) {rF++ rC++ Will++, Self, Range}
   (You found it in the Desolation of Salt)

   rF:        It greatly protects you from fire.
   rC:        It greatly protects you from cold.
   Will:      It greatly increases your willpower.
   It has a curse which improves the following skills: Introspection: Fighting
   and Spellcasting.
   Ranged Combat: Ranged Weapons and Throwing.
 x - the +0 pair of fencer's gloves {Riposte Dex+3}
   (You found it on level 3 of the Elven Halls)

   Riposte:   It allows the wearer to riposte with melee weapons, swiftly
   retaliating against missed or blocked melee attacks.
   Dex:       It affects your dexterity (+3).
 y - the cursed +2 robe of the Chained Seer (worn) {rC+, Self, Evo}
   (You took it off Pikel on level 5 of the Dungeon)

   It has a curse which improves the following skills: Introspection: Fighting
   and Spellcasting.
   Evocations: Evocations.
 O - the cursed +2 hat of Ashenzari's Chagrin (worn) {Stlth+, Cun, Self}
   (You found it on level 1 of the Lair of Beasts)

   It has a curse which improves the following skills: Cunning: Dodging and
   Stealth.
   Introspection: Fighting and Spellcasting.
 Y - the -2 hat of the Alchemist {rElec rPois rF+ rC+ rN+ Will+ rMut rCorr}
   (You found it in the Desolation of Salt)

   rF:        It protects you from fire.
   rC:        It protects you from cold.
   rElec:     It insulates you from electricity.
   rPois:     It protects you from poison.
   rN:        It protects you from negative energy.
   rCorr:     It protects you from acid and corrosion.
   rMut:      It protects you from mutation.
   Will:      It increases your willpower.
Jewellery
 d - the amulet of the Four Winds {rN+ Will+++ Clar}
   (You found it on level 5 of the Pits of Slime)

   [amulet of nothing]

   rN:        It protects you from negative energy.
   Clar:      It protects you from confusion, rage, mesmerisation and fear.
   Will:      It greatly increases your willpower.
 q - a +6 ring of intelligence
 r - the cursed ring "Omen of Ashenzari" (left hand) {Int+6, Self, Melee}
   (You found it on level 3 of the Dungeon)

   [ring of intelligence]

   Int:       It affects your intelligence (+6).
   It has a curse which improves the following skills: Introspection: Fighting
   and Spellcasting.
   Melee Combat: Short Blades, Long Blades, Axes, Maces & Flails, Polearms,
   Staves and Unarmed Combat.
 u - the ring of the Messenger {rPois rCorr Str+5 Dex+2}
   (You took it off a deep elf death mage on level 3 of the Elven Halls)

   [ring of poison resistance]

   Str:       It affects your strength (+5).
   Dex:       It affects your dexterity (+2).
   rPois:     It protects you from poison.
   rCorr:     It protects you from acid and corrosion.
 B - a +5 ring of evasion
 C - the ring "Qukud" {AC+4 Str+3 Dex+3}
   (You bought it in a shop on level 2 of the Vaults)

   [ring of protection]

   AC:        It affects your AC (+4).
   Str:       It affects your strength (+3).
   Dex:       It affects your dexterity (+3).
 H - a ring of willpower
 M - a +5 ring of evasion
 Q - the cursed ring of the Mantic Soothsayer (right hand) {Ice rCorr Int+5 Stlth+, Self, Melee}
   (You found it in an ice cave)

   [ring of ice]

   It enhances your ice magic.
   Int:       It affects your intelligence (+5).
   rF:        It makes you vulnerable to fire.
   rC:        It protects you from cold.
   rCorr:     It protects you from acid and corrosion.
   Stlth:     It makes you more stealthy.
   It has a curse which improves the following skills: Introspection: Fighting
   and Spellcasting.
   Melee Combat: Short Blades, Long Blades, Axes, Maces & Flails, Polearms,
   Staves and Unarmed Combat.
 S - an amulet of reflection
 U - the cursed amulet of Ashenzari's Stars (around neck) {Regen+, Melee, Self}
   (You found it on level 2 of the Lair of Beasts)

   [amulet of regeneration]

   Regen:     It increases your rate of health regeneration.
   It has a curse which improves the following skills: Melee Combat: Short
   Blades, Long Blades, Axes, Maces & Flails, Polearms, Staves and Unarmed
   Combat.
   Introspection: Fighting and Spellcasting.
 X - the ring of Ewkoic {rN+ rCorr}
   (You found it in the Desolation of Salt)

   [ring of resist corrosion]

   rN:        It protects you from negative energy.
   rCorr:     It protects you from acid and corrosion.
 Z - the ring "Qatwex" {rC+ Str-4 Int+6 Dex+5 Stlth-}
   (You bought it in a shop in a bazaar)

   [ring of intelligence]

   Str:       It affects your strength (-4).
   Int:       It affects your intelligence (+6).
   Dex:       It affects your dexterity (+5).
   rC:        It protects you from cold.
   Stlth:     It makes you less stealthy.
Wands
 h - a wand of quicksilver (12)
 p - a wand of mindburst (19)
 I - a wand of polymorph (30)
 N - a wand of paralysis (73)
 V - a wand of digging (32)
Scrolls
 c - 10 scrolls of fog
 e - a scroll of brand weapon
 g - 34 scrolls of teleportation
 l - 2 scrolls of silence
 n - 11 scrolls of magic mapping
 o - 3 scrolls of summoning
 A - 13 scrolls of fear
 D - 7 scrolls of poison
 F - 10 scrolls of blinking
 G - 6 scrolls of enchant armour
Potions
 a - 17 potions of haste
 b - 26 potions of curing
 f - 4 potions of resistance
 m - 10 potions of heal wounds
 t - 10 potions of might
 v - 6 potions of lignification
 J - 5 potions of mutation
 K - 11 potions of brilliance
 P - 5 potions of invisibility
 T - 7 potions of cancellation


   Skills:
 O Level 27 Fighting
 + Level 22.2(24.3) Dodging
 - Level 1.5(3.2) Stealth
 - Level 12.0(14.4) Shields
 O Level 27 Spellcasting
 + Level 0.1 Invocations


You knew the following spells:

 Your Spells              Type           Power      Damage    Failure   Level
a - Magic Dart            Conj           100%       1d8       0%          1
b - Searing Ray           Conj           100%       2d8       0%          2
c - Dazzling Flash        Conj/Hex       100%       N/A       0%          3
d - Fulminant Prism       Conj/Hex       68%        3d27      0%          4
e - Iskenderun's Mystic   Conj/Tloc      100%       2d19      0%          4
f - Slow                  Hex            100%       N/A       0%          1
g - Passwall              Tmut/Erth      100%       N/A       0%          2
h - Ensorcelled Hibernat  Hex/Ice        100%       N/A       0%          2
i - Olgreb's Toxic Radia  Pois           100%       N/A       0%          4
j - Manifold Assault      Tloc           100%       N/A       0%          4
k - Blade Hands           Tmut           68%        N/A       0%          5
l - Statue Form           Tmut/Erth      90%        N/A       0%          6
m - Eringya's Noxious Bo  Tmut/Pois      68%        N/A       0%          6
n - Haunt                 Necr/Summ      68%        N/A       0%          7
o - Summon Horrible Thin  Summ           68%        N/A       1%          8
p - Lehudib's Crystal Sp  Conj/Erth      68%        10d15     1%          8
q - Ignition              Fire           68%        3d18      1%          8
r - Fire Storm            Conj/Fire      68%        8d17      1%          9
Your spell library was empty.

Dungeon Overview and Level Annotations

Branches:
Dungeon (15/15)            Temple (1/1) D:5            Lair (5/5) D:9
  Swamp (4/4) Lair:3       Spider (4/4) Lair:2        Slime (5/5) Lair:4
    Orc (2/2) D:9             Elf (3/3) Orc:2        Vaults (5/5) D:13
  Crypt (0/3) Vaults:2     Depths (4/4) D:15            Zot (5/5) Depths:4
Ossuary (visited)           IceCv (visited)         Volcano (visited)
Desolation (visited)

Altars:
Ashenzari
Cheibriados
Dithmenos
Elyvilon
Fedhas
Gozag
Hepliaklqana
Makhleb
Nemelex Xobeh
Okawaru
Qazlal
Ru
Trog
Uskayaw
Wu Jian
Xom
Yredelemnul
Zin
The Shining One
Jiyva
Lugonu

Shops:
D:1 [   D:8 (   D:9 (   Orc:1 ?   Orc:2 *:([   Elf:3 ?   Vaults:2 *
Depths:1 :   Depths:4 :

Portals:
Hell: Depths:1 Depths:2 Depths:3 Depths:4
Abyss: Depths:1 Depths:3
Pandemonium: Depths:2
Ziggurat: Depths:1

Annotations:
Spider:2 Roxanne
Orc:1 2 transporters, Watchfox's ghost, journeyman TrBe


Innate Abilities, Weirdness & Mutations

You are immune to sickness and miasma.
You are immune to poison.
Your flesh is very heat resistant. (rF++)
You are vulnerable to cold. (rC-)
You float through the air rather than walking.
You learn spells naturally, not from books.
Your magical power is your life essence.
You have superior vitality. (+4 MHP)
You are robust. (+10% HP)
You occasionally lose the ability to drink potions when taking damage.
You expend health (3 HP) to strengthen your wands.


Message History

Casting: Fire Storm (mildly dangerous; 1% risk of failure)
Confirm with . or Enter, or press ? or * to list all spells.
Aiming: Lehudib's Crystal Spear (mildly dangerous; 1% risk of failure)
Press: ? - help, Shift-Dir - straight line, f - Executioner
Aim: an Executioner (fast, 75% to hit)
The crystal spear hits the Executioner!!!!
You kill the Executioner!
You see here a +0 leather armour.
There is a stone staircase leading up here.
Casting: Lehudib's Crystal Spear (mildly dangerous; 1% risk of failure)
Confirm with . or Enter, or press ? or * to list all spells.
You extend your transformation's duration.
You fly upwards.
A sun demon comes into view.
There is a stone staircase leading down here.
There is a stone staircase leading up here.
You fly upwards.
There is a stone staircase leading down here.
(D) Dungeon (T) Temple (L) Lair (S) Swamp (N) Spider Nest (M) Slime Pits (O) Orcish Mines (E) Elven Halls (V) Vaults (C) Crypt (U) Depths (H) Hell (Z) Zot
Where to? (Enter - D:1 @ (x,y), ? - help)
What level of the Dungeon? (default 1, ? - help)
There is a stone staircase leading up here.
You fly upwards.
There is a stone staircase leading down here.
Your transformation is almost over.
HP restored.
You revert to your normal fleshy form.
The cursed +0 pair of gloves "Share My Yoke" {Fort, Self} unmelds from your body.
The cursed +2 robe of the Chained Seer {rC+, Self, Evo} unmelds from your body.
You feel resistant to cold.
There is a stone staircase leading up here.
You fly upwards.
There is a stone staircase leading down here.
There is a large open door here.
There is a large open door here.
There is a staircase leading out of the dungeon here.
You have escaped!

..................##.###########
...............##.......(......#
......)..............#########.#
...##.........#####..## #.#
#........#...## #...## #.#
..###..####### ##...#######.# .##
#........#######...##......## .#
##.#####.##...##...##........
.#####.########.@.''.>.##........
....#........##...##...###.......
###....########+####...##........
# ##.........##.#####+###........
###..####....##.##.....###..)....
#...###......##.##..⌠..+........)
#.###...##..###.##.....#.#..)....
..##..#......##.##..8..#.#...)...
.###.##......##.##.....#.#.......


There were no monsters in sight!

Vanquished Creatures
  the Royal Jelly (Slime:5)
  A dread lich (Zot:5)
  7 orbs of fire (Zot:5)
  An ancient lich (Zot:5)
  2 juggernauts
  Mara (Depths:2)
  Mennas (Depths:2)
  4 Killer Klowns
  Parghit (Depths:3)
  Vv (Depths:3)
  A curse toe (Zot:5)
  16 golden dragons
  2 electric golems (Zot:5)
  A hellephant (Depths:3)
  Mlioglotl (Spider:1)
  25 Orb Guardians
  3 liches
  Zenata (Vaults:2)
  19 tentacled monstrosities
  Rupert (D:13)
  2 quicksilver dragons
  A walking divine tome (Depths:4)
  A deep elf master archer (Elf:3)
  13 acid blobs
  The ghost of Deliniquente the Tortoise, an adept HOFi of Beogh (Depths:3)
  3 deep elf blademasters (Elf:3)
  Kirke (D:15)
  8 death cobs
  An Executioner (D:5)
  9 storm dragons
  6 sphinxes
  11 shadow dragons
  5 tengu reavers
  Agnes (D:14)
  2 draconian monks
  A daeva (Depths:1)
  8 rockslimes
  5 draconian knights
  11 fire giants
  13 azure jellies
  A demonspawn warmonger (Zot:5)
  2 iron dragons
  3 emperor scorpions
  A balrug (Depths:2)
  15 vault wardens
  6 deep elf sorcerers
  5 ironbound preservers
  3 angels
  7 draconian scorchers
  2 draconian shifters
  7 frost giants
  An orc warlord (D:9)
  A deep elf elementalist (Elf:3)
  10 ghost moths
  5 draconian annihilators
  15 quicksilver oozes
  A cacodemon (D:15)
  37 very ugly things
  5 draconian stormcallers
  2 war gargoyles (Vaults:5)
  23 stone giants
  4 ironbound thunderhulks
  The ghost of Opnastoc the Severer, a journeyman MiBe of Trog (D:14)
  Nessos (D:13)
  2 broodmothers (Spider:4)
  The ghost of Lutiheq the Grappler, a journeyman DrTm of Wu Jian (Lair:4)
  3 vampire knights
  3 black draconians
  12 green draconians
  5 deep elf demonologists
  3 eleionomae
  2 halazid warlocks (Desolation)
  A demonspawn black sun (Zot:5)
  2 bunyips
  2 grey draconians (Depths:4)
  5 deep elf annihilators
  8 yellow draconians
  7 red draconians
  9 white draconians
  4 purple draconians
  13 spark wasps
  Snorg (Lair:4)
  13 ettins
  2 green deaths (Swamp:4)
  Josephine (D:13)
  13 crystal guardians
  5 ragged hierophants (Desolation)
  4 deep elf death magi
  3 entropy weavers
  11 fire dragons
  7 rakshasas
  5 deep elf high priests
  10 hydras
  8 servants of whispers (Desolation)
  41 vault guards
  10 ice dragons
  An ice dragon (shapeshifter) (Depths:2)
  5 yaktaur captains
  5 great orbs of eyes
  7 spriggan air magi
  A catoblepas (Lair:2)
  2 ghost crabs
  3 peacekeepers (Desolation)
  4 ironbound frosthearts
  5 boulder beetles
  A two-headed ogre (shapeshifter) (Depths:3)
  5 centaur warriors
  2 ogre magi
  3 radroaches
  9 two-headed ogres
  9 alligators
  9 deep troll earth magi
  9 hell hogs (Depths:4)
  3 tengu warriors
  3 deep troll shamans
  10 death yaks
  27 dancing weapons
  A spriggan berserker (Depths:4)
  Urug (Orc:2)
  19 deep elf knights
  Sonja (D:13)
  2 soul eaters
  16 hell knights
  2 sixfirhies (D:15)
  Amaemon (Lair:2)
  A salamander mystic (Volcano)
  A sun demon (Depths:2)
  12 skeletal warriors
  A shadow wraith (Vaults:5)
  A death drake (Swamp:2)
  8 pharaoh ants
  A sun moth (Spider:1)
  A skyshark (shapeshifter) (Vaults:5)
  7 iron trolls
  3 skysharks
  3 glowing orange brains
  3 goliath frogs
  3 spriggan druids (Swamp:3)
  31 deep trolls
  8 swamp dragons (Swamp:4)
  8 orb spiders
  2 orc knights
  A sea snake (shapeshifter) (D:15)
  2 wizards
  10 phantasmal warriors
  A swamp dragon (shapeshifter) (Vaults:5)
  5 harpies (Vaults:2)
  11 bog bodies
  7 deep elf archers
  8 necromancers
  6 ironbound convokers
  A steelbarb worm (shapeshifter) (D:13)
  14 wolf spiders
  Pikel (D:5)
  4 manticores
  14 deep elf zephyrmancers
  2 orange crystal statues (Depths:2)
  9 steelbarb worms
  An orc sorcerer (Elf:1)
  25 deep elf pyromancers
  43 ugly things
  A faun (shapeshifter) (Vaults:4)
  2 shining eyes
  6 salamanders
  12 cyclopes
  6 black mambas
  3 will-o-the-wisps
  2 eyes of devastation
  A rust devil (Depths:2)
  3 torpor snails
  28 moths of wrath
  9 demonic crawlers
  A water nymph (shapeshifter) (Vaults:2)
  4 orange demons
  An ice statue (Vaults:4)
  15 vault sentinels
  15 cane toads
  A molten gargoyle (Volcano)
  A smoke demon (Depths:2)
  A cane toad (shapeshifter) (D:14)
  31 yaktaurs
  3 rime drakes
  A kobold demonologist (D:11)
  A yaktaur (shapeshifter) (Vaults:5)
  A freezing wraith (D:14)
  3 unseen horrors
  A tormentor (D:14)
  5 tengu conjurers
  11 komodo dragons
  A wind drake (shapeshifter) (Vaults:5)
  3 polar bears
  11 tyrant leeches
  Prince Ribbit (D:8)
  7 trolls
  9 hornets
  31 blink frogs
  36 saltlings (Desolation)
  22 tarantellas
  23 culicivoras
  33 jumping spiders
  A culicivora (shapeshifter) (D:14)
  89 slime creatures
  17 water elementals
  A spriggan (shapeshifter) (Elf:2)
  12 air elementals
  A centaur simulacrum (D:14)
  A fire elemental (Lair:3)
  3 vampires
  7 wraiths
  4 spriggans
  Eustachio (D:5)
  4 shadows
  10 fire bats
  15 golden eyes
  A hog (D:15)
  6 wyverns
  3 steam dragons
  4 basilisks
  58 yaks
  47 redbacks
  3 neqoxecs
  A steam dragon (shapeshifter) (Vaults:5)
  A redback (shapeshifter) (Depths:3)
  8 vampire mosquitoes
  A chaos spawn (Depths:2)
  4 wargs
  Menkaure (D:7)
  5 large abominations
  9 swamp worms
  7 acid dragons
  2 hell hounds (Orc:2)
  13 water moccasins
  An ice beast (D:6)
  22 orc warriors
  9 sky beasts
  5 great orb of eyes simulacra (IceCv)
  2 black bears (D:7)
  6 ogres
  5 boggarts
  11 wolves
  An ogre (shapeshifter) (Vaults:5)
  5 centaurs
  4 slime creature simulacra (IceCv)
  An elf zombie (Ossuary)
  A phantom (D:5)
  7 kobold brigands
  3 lemures (D:5)
  17 bullfrogs
  3 glowing shapeshifter simulacra (IceCv)
  4 scorpions
  3 earth elementals
  9 wights
  15 killer bees
  3 howler monkeys
  13 electric eels
  6 lava snakes (Volcano)
  A centaur zombie (Ossuary)
  5 hounds
  2 jellies
  11 orc priests
  2 gnoll boudas
  Crazy Yiuf (D:2)
  2 sleepcaps (D:6)
  5 iguanas
  6 hell rats (Lair:3)
  16 orc wizards
  4 lightning spires (Depths:1)
  2 shapeshifter simulacra (IceCv)
  2 mummies (Ossuary)
  17 gnolls
  12 adders
  A shadow imp (D:6)
  A white imp (D:6)
  2 ufetubi
  2 worms
  A dart slug (D:3)
  71 orcs
  6 endoplasms
  4 giant cockroaches
  5 goblins
  11 hobgoblins
  14 jackals
  27 kobolds
  3 quokkas
  3 training dummies (D:8)
  10 ball pythons
  6 bats
  2 frilled lizards
  3 gnoll zombies (Ossuary)
  3 goblin zombies (Ossuary)
  2 hobgoblin zombies (Ossuary)
  4 orc zombies (Ossuary)
  8 rats
  2 fulminant prisms (Swamp:4)
  A spectral weapon (Depths:2)
2114 creatures vanquished.

Vanquished Creatures (collateral kills)
  Frederick (Vaults:2)
  Margery (Vaults:2)
  Saint Roka (Vaults:3)
  Nikola (Spider:4)
  A tentacled monstrosity (Zot:4)
  A titan (Vaults:5)
  An Orb Guardian (Zot:5)
  An ancient champion (Elf:2)
  The ghost of Kyerol the Warrior, an adept TeSu of Ashenzari (Elf:2)
  Asterion (Depths:2)
  A death cob (Zot:4)
  2 tengu reavers
  17 acid blobs
  2 sphinxes (Vaults:1)
  A fire giant (Depths:2)
  10 rockslimes
  4 azure jellies
  A frost giant (Depths:1)
  4 deep elf sorcerers
  A ghost moth (Spider:4)
  2 deep elf elementalists (Elf:3)
  6 vault wardens
  2 draconian annihilators
  11 ironbound preservers
  2 quicksilver oozes
  5 ironbound thunderhulks
  2 green draconians (Zot:5)
  3 deep elf demonologists (Elf:3)
  A stone giant (Vaults:5)
  3 deep elf annihilators (Elf:3)
  2 red draconians (Zot:2)
  A white draconian (Zot:5)
  A yellow draconian (Zot:2)
  4 deep elf death magi (Elf:3)
  A halazid warlock (Desolation)
  5 yaktaur captains
  3 deep elf high priests
  2 vault guards
  A ragged hierophant (Desolation)
  5 great orbs of eyes
  2 servants of whispers (Desolation)
  4 ironbound frosthearts
  A rakshasa (Depths:1)
  A jorogumo (Spider:4)
  13 centaur warriors
  3 peacekeepers (Desolation)
  A dancing weapon (Elf:2)
  4 hell knights
  8 deep elf knights
  2 glowing orange brains (Vaults:2)
  11 deep trolls
  A harpy (Vaults:3)
  A phantasmal warrior (Vaults:2)
  7 deep elf archers
  3 wizards
  5 ironbound convokers
  7 lindwurms (Vaults:1)
  2 necromancers (Vaults:2)
  13 deep elf pyromancers
  4 ugly things
  5 deep elf zephyrmancers
  A shining eye (Slime:3)
  A moth of wrath (Zot:5)
  9 vault sentinels
  2 eyes of devastation (Slime:5)
  2 smoke demons (Depths:2)
  17 yaktaurs
  21 saltlings (Desolation)
  43 slime creatures
  A golden eye (Slime:1)
  A floating eye (Slime:5)
  4 orc warriors (Vaults:3)
  A boggart (Vaults:2)
  An earth elemental (Elf:1)
317 creatures vanquished.

Vanquished Creatures (others)
  A fire dragon (D:15)
  A centaur warrior (Vaults:3)
  A hell knight (D:15)
  A deep troll (Vaults:3)
  A phantasmal warrior (Vaults:5)
  A rime drake (Zot:2)
  A yaktaur (Vaults:1)
  A bloated husk (Swamp:2)
  A saltling (Desolation)
  A spriggan (Swamp:3)
  4 humans (D:15)
  A gnoll (D:10)
  4 ball lightnings (Depths:1)
  131 fire vortices
  6 foxfires (Swamp:1)
  178 fulminant prisms
  44 fungi
  93 plants
471 creatures vanquished.

Grand Total: 2902 creatures vanquished

Notes
Turn   | Place    | Note
-------+----------+-------------------------------------------
     0 | D:1      | Moeireigaen the Djinni Conjurer began the quest for the
                  | Orb.
     0 | D:1      | Moeireigaen set off with the following spells memorised:
                  | Magic Dart, Searing Ray, Dazzling Flash, Fulminant Prism,
                  | Iskenderun's Mystic Blast.
     0 | D:1      | Reached XP level 1. HP: 15/15 MP: 0/0
   114 | D:1      | Reached XP level 2. HP: 21/21 MP: 0/0
   246 | D:1      | Reached XP level 3. HP: 23/25 MP: 0/0
   246 | D:1      | Learned a level 1 spell: Slow
   432 | D:1      | Found Pueh's Armour Shop.
   856 | D:2      | Found a blossoming altar of Fedhas.
   921 | D:2      | Reached XP level 4. HP: 23/31 MP: 0/0
  1051 | D:2      | Found a faded altar of an unknown god.
  1386 | D:2      | Found a runed translucent door.
  1387 | D:2      | Noticed Crazy Yiuf
  1413 | D:2      | Killed Crazy Yiuf
  1414 | D:2      | Reached XP level 5. HP: 22/35 MP: 0/0
  1414 | D:2      | Learned a level 2 spell: Passwall
  2130 | D:3      | Reached skill level 5 in Spellcasting
  3053 | D:4      | Reached XP level 6. HP: 40/41 MP: 0/0
  3497 | D:5      | Entered Level 5 of the Dungeon
  3815 | D:5      | Reached XP level 7. HP: 41/46 MP: 0/0
  3815 | D:5      | Learned a level 2 spell: Ensorcelled Hibernation
  4234 | D:5      | Noticed a steam dragon
  4242 | D:5      | Killed a steam dragon
  4243 | D:5      | Reached skill level 1 in Fighting
  4448 | D:5      | Noticed Pikel
  4451 | D:5      | Noticed Eustachio
  4460 | D:5      | Killed Pikel
  4461 | D:5      | Reached XP level 8. HP: 36/52 MP: 0/0
  4464 | D:5      | Killed Eustachio
  4727 | D:5      | Found a staircase to the Ecumenical Temple.
  4733 | Temple   | Entered the Ecumenical Temple
  4785 | Temple   | Became a worshipper of Ashenzari the Shackled
  4958 | D:6      | Reached XP level 9. HP: 52/57 MP: 0/0
  4958 | D:6      | Learned a level 4 spell: Olgreb's Toxic Radiance
  5000 | D:6      | Found a sand-covered staircase.
  5004 | Ossuary  | Entered an ossuary
  5691 | D:6      | Identified the +0 ring mail of the Scribe {rC+ Dex+6}
  5751 | D:6      | You are sucked into a shaft and drop 1 floor!
  6171 | D:6      | Reached skill level 10 in Spellcasting
  6204 | D:6      | Found a shadowy altar of Dithmenos.
  6759 | D:7      | Reached XP level 10. HP: 52/63 MP: 0/0
  6863 | D:7      | Noticed Menkaure
  6866 | D:7      | Killed Menkaure
  6902 | D:7      | Found a burning altar of Makhleb.
  8156 | D:8      | Found a white marble altar of Elyvilon.
  8156 | D:8      | Found a blossoming altar of Fedhas.
  8526 | D:8      | Found Reaniy's Firing Range.
  8821 | D:8      | Noticed Prince Ribbit
  8829 | D:8      | Killed Prince Ribbit
  8921 | D:8      | Reached XP level 11. HP: 57/68 MP: 0/0
  8921 | D:8      | Learned a level 4 spell: Manifold Assault
  9849 | D:9      | Found a staircase to the Lair.
 10033 | D:9      | Found Ifutolo's Weapon Boutique.
 10036 | D:9      | Found a staircase to the Orcish Mines.
 10563 | D:10     | Entered Level 10 of the Dungeon
 10782 | D:10     | Noticed a brown ugly thing
 10796 | D:10     | Killed a brown ugly thing
 10852 | D:10     | Found a hide-covered altar of Uskayaw.
 10857 | D:10     | Noticed a +0 hand axe
 10857 | D:10     | Noticed a +0 dagger
 12337 | D:1      | Bought a +2 cloak of preservation for 301 gold pieces
 12529 | Lair:1   | Entered Level 1 of the Lair of Beasts
 13133 | Lair:1   | Reached * piety under Ashenzari
 13320 | Lair:1   | Noticed a boulder beetle
 13417 | Lair:1   | Killed a boulder beetle
 13418 | Lair:1   | Reached XP level 12. HP: 60/81 MP: 0/0
 14123 | Lair:2   | Found a frozen archway.
 14132 | IceCv    | Entered an ice cave
 14152 | IceCv    | Reached skill level 5 in Fighting
 14156 | IceCv    | Reached ** piety under Ashenzari
 14529 | IceCv    | Identified the ring "Xommeka" {Ice rCorr Int+5 Stlth+}
 14623 | IceCv    | Found a viscous altar of Jiyva.
 14623 | IceCv    | Noticed an azure jelly
 14623 | IceCv    | Identified the +1 mace "Vuxkuow" {protect, rN+ Str+4 SInv}
 14623 | IceCv    | Identified the +0 ice dragon scales of the Thirteen Beggars
                  | {rElec rF- rC++ rCorr Int+3 Dex-3}
 14635 | IceCv    | Killed an azure jelly
 15047 | IceCv    | Reached skill level 15 in Spellcasting
 15419 | Lair:2   | Noticed Amaemon
 15426 | Lair:2   | Killed Amaemon
 15427 | Lair:2   | Reached XP level 13. HP: 73/93 MP: 0/0
 15427 | Lair:2   | Learned a level 5 spell: Blade Hands
 15642 | Lair:2   | Found a hole to the Spider Nest.
 16119 | Lair:2   | Noticed a catoblepas
 16129 | Lair:2   | Killed a catoblepas
 16357 | Lair:2   | Gained mutation: You are agile. (Dex +4, Str/Int -1)
                  | [potion of mutation]
 16357 | Lair:2   | Gained mutation: You expend health (3 HP) to strengthen
                  | your wands. [potion of mutation]
 16357 | Lair:2   | Gained mutation: You are partially covered in iridescent
                  | scales. (AC +2) [potion of mutation]
 16373 | Lair:3   | Noticed a six-headed hydra
 16379 | Lair:3   | Killed a six-headed hydra
 16825 | Lair:3   | Found a staircase to the Swamp.
 16963 | Lair:3   | Noticed a fire dragon
 16965 | Lair:3   | Identified the +11 quarterstaff of Azuh {heavy, MP+9 Int+2}
 16965 | Lair:3   | Identified the Dissertation on Viperous Companions
 16976 | Lair:3   | Reached XP level 14. HP: 95/103 MP: 0/0
 17066 | Lair:3   | Identified the Compilation of the Ruinous Coward
 17932 | Lair:4   | Noticed Snorg
 17952 | Lair:4   | Killed Snorg
 18328 | Lair:4   | Found a runed translucent door.
 18333 | Lair:4   | Noticed Lutiheq's ghost (journeyman DrTm)
 18356 | Lair:4   | Killed Lutiheq's ghost
 18433 | Lair:4   | Reached *** piety under Ashenzari
 18471 | Lair:4   | Found a viscous altar of Jiyva.
 18471 | Lair:4   | Found a staircase to the Slime Pits.
 18630 | Lair:5   | Entered Level 5 of the Lair of Beasts
 19030 | Lair:5   | Reached XP level 15. HP: 94/115 MP: 0/0
 19030 | Lair:5   | Learned a level 6 spell: Statue Form
 19395 | Lair:5   | Identified the staff of air "Rionnaog" {+Blink rElec rC+
                  | rCorr Dex-4}
 19865 | Lair:3   | Identified the cursed +2 robe of the Chained Seer {rC+,
                  | Self, Evo} (You took it off Pikel on level 5 of the
                  | Dungeon)
 19930 | Orc:1    | Entered Level 1 of the Orcish Mines
 19937 | Orc:1    | Noticed an orc warlord
 19949 | Orc:1    | Reached skill level 10 in Fighting
 19953 | Orc:1    | HP: 3/117 [orc warlord/+0 heavy great mace (51)]
 20192 | D:9      | Killed an orc warlord
 20441 | D:11     | Reached **** piety under Ashenzari
 21458 | D:12     | Identified the cursed +0 pair of gloves "Share My Yoke"
                  | {Fort, Self} (You found it on level 3 of the Dungeon)
 21662 | D:13     | Noticed Rupert
 21706 | D:13     | Noticed Nessos
 21716 | D:13     | Killed Nessos
 21717 | D:13     | Noticed Sonja
 21730 | D:13     | Killed Sonja
 21744 | D:13     | Killed Rupert
 21927 | D:13     | Identified the Vellum of Calid Cryomancy
 22176 | D:13     | Found a blossoming altar of Fedhas.
 22192 | D:13     | Noticed Josephine
 22198 | D:13     | Killed Josephine
 22469 | D:13     | Reached XP level 16. HP: 120/129 MP: 0/0
 22567 | D:13     | Found a gate to the Vaults.
 22994 | Orc:1    | Noticed Watchfox's ghost (journeyman TrBe)
 23035 | Orc:1    | Found a transporter.
 23121 | Orc:1    | Found Egri's Magic Scroll Shop.
 23135 | Orc:1    | Found a transporter.
 23244 | Orc:2    | Entered Level 2 of the Orcish Mines
 23289 | Orc:2    | Found a dark tunnel.
 23300 | Volcano  | Entered a volcano
 23759 | Orc:2    | Noticed Urug
 23764 | Orc:2    | Killed Urug
 23806 | Orc:2    | Found Juunosm's Book Shoppe.
 23840 | Orc:2    | Found Ginoopesh's Antique Armour Boutique.
 23913 | Orc:2    | Found a staircase to the Elven Halls.
 23988 | Orc:2    | Found Ixodepp's Antique Weapon Boutique.
 24123 | Orc:2    | Found Myinag's General Store.
 24151 | Orc:2    | Reached ***** piety under Ashenzari
 24758 | D:14     | Noticed Agnes
 24768 | D:14     | Killed Agnes
 25416 | D:14     | Found a shimmering altar of Xom.
 25417 | D:14     | Found a runed translucent door.
 25417 | D:14     | Noticed Opnastoc's ghost (journeyman MiBe)
 25654 | D:14     | Killed Opnastoc's ghost
 25680 | D:15     | Entered Level 15 of the Dungeon
 25776 | D:15     | Found a staircase to the Depths.
 25793 | D:15     | Noticed Kirke
 25802 | D:15     | Killed Kirke
 25803 | D:15     | Reached XP level 17. HP: 138/138 MP: 0/0
 25803 | D:15     | Learned a level 6 spell: Eringya's Noxious Bog
 26172 | D:15     | Found a sacrificial altar of Ru.
 26732 | Swamp:1  | Entered Level 1 of the Swamp
 26902 | Swamp:1  | Identified the +6 scale mail "Liots" {+Blink}
 27861 | Swamp:2  | Identified the +5 falchion of Causality {flame, rElec Will+
                  | Int+2}
 28376 | Swamp:3  | Reached skill level 5 in Dodging
 28533 | Swamp:3  | Found a bloodstained altar of Trog.
 28790 | Swamp:4  | Entered Level 4 of the Swamp
 29000 | Swamp:4  | Reached XP level 18. HP: 148/148 MP: 0/0
 29247 | Swamp:4  | Noticed a tentacled monstrosity
 29259 | Swamp:4  | Killed a tentacled monstrosity
 29419 | Swamp:4  | Got a decaying rune of Zot
 29760 | Spider:1 | Entered Level 1 of the Spider Nest
 29814 | Spider:1 | Noticed Mlioglotl
 29825 | Spider:1 | Killed Mlioglotl
 29900 | Spider:1 | Reached skill level 10 in Dodging
 30593 | Spider:2 | Noticed Roxanne
 32006 | Spider:3 | Reached XP level 19. HP: 159/159 MP: 0/0
 32006 | Spider:3 | Learned a level 7 spell: Haunt
 32597 | Spider:4 | Entered Level 4 of the Spider Nest
 32801 | Spider:4 | Reached skill level 15 in Fighting
 32992 | Spider:4 | Noticed Nikola
 33042 | Spider:4 | Killed Nikola
 33422 | Spider:4 | Reached skill level 15 in Dodging
 33511 | Spider:4 | Got a gossamer rune of Zot
 33923 | Elf:1    | Entered Level 1 of the Elven Halls
 34129 | Elf:1    | Paralysed by an air elemental for 1 turns
 34135 | Elf:1    | Reached XP level 20. HP: 132/166 MP: 0/0
 34219 | Elf:1    | Found a crumbling gateway.
 34221 | Elf:1    | Found a glowing golden altar of the Shining One.
 34221 | Elf:1    | Found a white marble altar of Elyvilon.
 34230 | Elf:1    | Found a glowing silver altar of Zin.
 34261 | Desolati | Entered the Desolation of Salt
 34476 | Desolati | Found the +2 shield of Resistance {rF++ rC++ Will++}
 34568 | Desolati | Identified the +4 long sword "Puufilia" {flame, rCorr
                  | Stlth+}
 34598 | Desolati | Identified Yghaxtei's Grimoire of Violence
 34600 | Desolati | Found the +4 skin of Zhor {*Englaciate rC+++ SInv}
 34601 | Desolati | Identified the Exposition on Filth
 34792 | Desolati | Identified the Cyclopedia of Bruises
 34792 | Desolati | Identified the ring "Vericaf" {rElec rC- AC+4 Dex-2 SInv}
 34794 | Desolati | Identified the +4 trident of Fortitude {drain, rF+ Int+3}
 34985 | Desolati | Identified the +1 leather armour "Fiethroops" {Dex+2}
 35021 | Desolati | Identified the +4 glaive "Wuluymn" {heavy, Fragile rElec
                  | rF- Int+9}
 35021 | Desolati | Found the -2 hat of the Alchemist {rElec rPois rF+ rC+ rN+
                  | Will+ rMut rCorr}
 35023 | Desolati | Identified the ring of Ewkoic {rN+ rCorr}
 35690 | Elf:1    | Identified the Elucidation of Bolts and the Union
 36146 | Elf:2    | Identified Lehudib's Disquisition on Excavation
 36150 | Elf:2    | Paralysed by an air elemental for 1 turns
 36153 | Elf:2    | Paralysed by an air elemental for 1 turns
 36379 | Elf:2    | Noticed Kyerol's ghost (adept TeSu)
 36408 | Elf:2    | Found a runed translucent door.
 36583 | Elf:2    | Found a runed translucent gate.
 36585 | Elf:2    | Found a runed translucent gate.
 36590 | Elf:2    | Found a runed translucent gate.
 36741 | Elf:2    | Killed Kyerol's ghost
 36742 | Elf:2    | Reached XP level 21. HP: 134/175 MP: 0/0
 36742 | Elf:2    | Learned a level 8 spell: Summon Horrible Things
 37285 | Elf:3    | Entered Level 3 of the Elven Halls
 37301 | Elf:3    | Reached skill level 1 in Shields
 37611 | Elf:3    | Identified the +1 scale mail "Qourifos" {MP+9 Slay+2}
 37926 | Elf:3    | Noticed a Tzitzimitl
 38046 | Elf:3    | Identified a scroll of acquirement
 38090 | Elf:3    | Acquired the +1 pair of gloves "Veaxtos" {rElec Dex-3
                  | Slay+2}
 38170 | Elf:3    | Identified the +3 ring mail "Zolil" {Dex+3 Slay+6}
 38172 | Elf:3    | Identified the ring of the Messenger {rPois rCorr Str+5
                  | Dex+2}
 38271 | Elf:3    | Identified the staff of air "Rougifip" {rElec rN+ Dex+3}
 38297 | Elf:3    | Identified the staff of air "Muphap" {rElec Int+2}
 38299 | Elf:3    | Identified the +9 sling of Responsibility {heavy, rCorr}
 38308 | Elf:3    | Found the +0 pair of fencer's gloves {Riposte Dex+3}
 38311 | Elf:3    | Identified the Almanac of the Twisted Sphinx
 38512 | Elf:3    | Reached XP level 22. HP: 187/187 MP: 0/0
 38609 | Elf:3    | Found Kim Hyes's Magic Scroll Shop.
 38612 | Elf:3    | Bought a scroll of teleportation for 30 gold pieces
 38612 | Elf:3    | Bought a scroll of teleportation for 30 gold pieces
 38612 | Elf:3    | Bought a scroll of teleportation for 30 gold pieces
 38961 | Slime:1  | Entered Level 1 of the Pits of Slime
 39438 | Slime:2  | Reached ****** piety under Ashenzari
 39762 | Slime:2  | Reached skill level 5 in Shields
 42460 | Vaults:1 | Entered Level 1 of the Vaults
 42774 | Vaults:1 | Reached skill level 10 in Shields
 43472 | Vaults:1 | Reached XP level 23. HP: 201/201 MP: 0/0
 43472 | Vaults:1 | Learned a level 8 spell: Lehudib's Crystal Spear
 43881 | Vaults:2 | Noticed Margery
 43889 | Vaults:2 | Killed Margery
 44126 | Vaults:2 | Noticed Zenata
 44134 | Vaults:2 | Killed Zenata
 44584 | Vaults:2 | Found a staircase to the Crypt.
 44824 | Vaults:2 | Found Axuqiej's Assorted Antiques.
 44836 | Vaults:2 | Bought an ancient jade ring for 210 gold pieces
 44836 | Vaults:2 | Identified the ring "Qukud" {AC+4 Str+3 Dex+3} (You bought
                  | it in a shop on level 2 of the Vaults)
 44836 | Vaults:2 | Bought a translucent quarterstaff for 378 gold pieces
 44836 | Vaults:2 | Identified the +6 quarterstaff "Ucicer" {chaos, rC- MP+9
                  | Int+4 Stlth+} (You bought it in a shop on level 2 of the
                  | Vaults)
 44838 | Vaults:2 | Bought a scroll of teleportation for 126 gold pieces
 44838 | Vaults:2 | Bought a potion of curing for 126 gold pieces
 45068 | Vaults:2 | Noticed Frederick
 45074 | Vaults:2 | Killed Frederick
 45662 | Vaults:3 | Noticed Saint Roka
 45669 | Vaults:3 | Killed Saint Roka
 45839 | Vaults:3 | Reached XP level 24. HP: 208/208 MP: 0/0
 45854 | Vaults:3 | Identified the +1 spear "Kefemm" {speed, rElec Dex+3
                  | Stlth+}
 48123 | Vaults:4 | Found a gateway to a bazaar.
 48240 | Bazaar   | Entered a bazaar
 48250 | Bazaar   | Found Leistoas's Jewellery Emporium.
 48250 | Bazaar   | Found Tilon's Book Shoppe.
 48260 | Bazaar   | Bought an amulet of reflection for 330 gold pieces
 48260 | Bazaar   | Bought the ring "Qatwex" {rC+ Str-4 Int+6 Dex+5 Stlth-} for
                  | 557 gold pieces
 48913 | Vaults:5 | Entered Level 5 of the Vaults
 48919 | Vaults:5 | Noticed a golden dragon
 48977 | Vaults:5 | Killed a golden dragon
 49366 | Slime:5  | Entered Level 5 of the Pits of Slime
 49611 | Slime:5  | Noticed the Royal Jelly
 49674 | Slime:5  | Paralysed by a floating eye for 4 turns
 49681 | Slime:5  | Reached XP level 25. HP: 214/214 MP: 0/0
 49681 | Slime:5  | Learned a level 8 spell: Ignition
 49682 | Slime:5  | Killed the Royal Jelly
 49805 | Slime:5  | Identified the Compendium of the Boreal Dose
 49808 | Slime:5  | Found the amulet of the Four Winds {rN+ Will+++ Clar}
 49813 | Slime:5  | Identified the +1 helmet of the Chupacabra {+Blink Fly
                  | rElec rN++ Str-5}
 49819 | Slime:5  | Identified the Catalogue of the Evil Gestalt
 49820 | Slime:5  | Identified the +1 chain mail "Nepn" {rElec rC++ Will-
                  | rCorr}
 49834 | Slime:5  | Identified the +1 ring mail of Upnala {Dex+3}
 49834 | Slime:5  | Identified the +1 cloak "Pyucus Jiab" {+Inv rElec Dex+3}
 49852 | Slime:5  | Got a slimy rune of Zot
 51457 | Vaults:5 | Identified the Omnibus of Injury
 51863 | Vaults:5 | Got a silver rune of Zot
 52064 | Vaults:5 | Identified the +6 demon blade "Guwi" {flame, Str+4 Int+4}
 52410 | Depths:1 | Entered Level 1 of the Depths
 52465 | Depths:1 | Found Roik's One-of-a-Kind Books.
 52549 | Depths:1 | Reached XP level 26. HP: 196/221 MP: 0/0
 52819 | Depths:1 | Found a one-way gateway to a ziggurat.
 52993 | Depths:1 | Identified the +4 mace of Gafaus {protect, rCorr}
 53020 | Depths:1 | Found a one-way gate to the infinite horrors of the Abyss.
 53341 | Depths:1 | Found a runed translucent door.
 53427 | Depths:1 | Found a gateway to Hell.
 53749 | Depths:1 | Paralysed by an air elemental for 1 turns
 53926 | Depths:2 | Noticed Asterion
 53933 | Depths:2 | Killed Asterion
 54236 | Depths:2 | Identified the +1 broad axe of Freehold {antimagic, rCorr
                  | Int+3 Dex-3}
 54236 | Depths:2 | Identified the amulet "Riakhas" {Acrobat Int+3 Dex+2}
 54621 | Depths:2 | Noticed Mara
 54631 | Depths:2 | Noticed Moeireigaen's illusion
 54640 | Depths:2 | Killed Mara
 54916 | Depths:2 | Found a one-way gate leading to the halls of Pandemonium.
 54918 | Depths:2 | Gained mutation: You are very vulnerable to cold. (rC--) [a
                  | neqoxec]
 55383 | Depths:2 | Reached XP level 27. HP: 228/228 MP: 0/0
 55383 | Depths:2 | Learned a level 9 spell: Fire Storm
 55640 | Depths:3 | Noticed Mennas
 55653 | Depths:2 | Killed Mennas
 55832 | Depths:3 | Noticed a juggernaut
 55836 | Depths:3 | Killed a juggernaut
 55839 | Depths:3 | Reached skill level 27 in Spellcasting
 55997 | Depths:3 | Found a runed translucent door.
 55997 | Depths:3 | Noticed Deliniquente's ghost (adept HOFi)
 56006 | Depths:3 | Killed Deliniquente's ghost
 56193 | Depths:3 | Noticed Parghit
 56202 | Depths:3 | Killed Parghit
 56329 | Depths:3 | Found a corrupted altar of Lugonu.
 56359 | Depths:3 | Noticed Vv
 56368 | Depths:3 | Killed Vv
 56760 | Depths:4 | Entered Level 4 of the Depths
 57324 | Depths:4 | Found a white marble altar of Elyvilon.
 57330 | Depths:4 | Noticed a juggernaut
 57341 | Depths:4 | Killed a juggernaut
 57445 | Depths:4 | Identified the +0 ring mail of Unambiguity {Int+2}
 57450 | Depths:4 | Found Assaux's Book Emporium.
 57737 | Depths:4 | Found a gate to the Realm of Zot.
 57753 | Zot:1    | Entered Level 1 of the Realm of Zot
 59289 | Zot:2    | Identified the Incunable of Anthracomancy
 59997 | Zot:3    | Noticed a Killer Klown
 59999 | Zot:3    | Killed a Killer Klown
 61105 | Zot:5    | Entered Level 5 of the Realm of Zot
 61769 | Zot:5    | Noticed a dread lich
 61773 | Zot:5    | Killed a dread lich
 61799 | Zot:5    | Noticed an orb of fire
 61800 | Zot:5    | Killed a Killer Klown
 61801 | Zot:5    | Gained mutation: You occasionally lose the ability to drink
                  | potions when taking damage. [an orb of fire]
 61804 | Zot:5    | Killed an orb of fire
 61841 | Zot:5    | Acquired a +0 hat of stealth
 61917 | Zot:5    | Killed an ancient lich
 61922 | Zot:5    | Noticed an orb of fire
 61923 | Zot:5    | Noticed an orb of fire
 61927 | Zot:5    | Killed an orb of fire
 61932 | Zot:5    | Killed an orb of fire
 61935 | Zot:5    | Noticed a Killer Klown
 61936 | Zot:5    | Killed a Killer Klown
 61940 | Zot:5    | Noticed an orb of fire
 61944 | Zot:5    | Killed an orb of fire
 62089 | Zot:5    | Noticed an orb of fire
 62093 | Zot:5    | Killed an orb of fire
 62257 | Zot:5    | Noticed an orb of fire
 62259 | Zot:5    | Noticed a Killer Klown
 62262 | Zot:5    | Killed an orb of fire
 62343 | Zot:5    | Noticed an orb of fire
 62344 | Zot:5    | Gained mutation: You sometimes lose your temper in combat.
                  | [an orb of fire]
 62347 | Zot:5    | Killed an orb of fire
 62392 | Zot:5    | Killed a Killer Klown
 62582 | Zot:5    | Lost mutation: You sometimes lose your temper in combat.
                  | [potion of mutation]
 62582 | Zot:5    | Lost mutation: You are very vulnerable to cold. (rC--)
                  | [potion of mutation]
 62582 | Zot:5    | Gained mutation: Your skin changes colour to match your
                  | surroundings (Stealth+). [potion of mutation]
 62582 | Zot:5    | Gained mutation: Your body sometimes deteriorates upon
                  | taking damage. [potion of mutation]
 62582 | Zot:5    | Lost mutation: You are agile. (Dex +4, Str/Int -1) [potion
                  | of mutation]
 62583 | Zot:5    | Lost mutation: Your skin changes colour to match your
                  | surroundings (Stealth+). [potion of mutation]
 62583 | Zot:5    | Lost mutation: You are partially covered in iridescent
                  | scales. (AC +2) [potion of mutation]
 62583 | Zot:5    | Gained mutation: You are agile. (Dex +4, Str/Int -1)
                  | [potion of mutation]
 62584 | Zot:5    | Lost mutation: Your body sometimes deteriorates upon taking
                  | damage. [potion of mutation]
 62584 | Zot:5    | Lost mutation: You are agile. (Dex +4, Str/Int -1) [potion
                  | of mutation]
 62584 | Zot:5    | Gained mutation: You are robust. (+10% HP) [potion of
                  | mutation]
 62599 | Zot:5    | Got the Orb of Zot
 62623 | Zot:5    | Reached skill level 27 in Fighting
 63283 | D:$      | Escaped with the Orb!

Illustrated notes

Levels and vault maps discovered:
D:1:      dpeg_arrival_simpleton_b, layout_rooms, serial_shops, shop,
          kennysheep_doodads, solitary_fountain
D:2:      layout_loops_ring, hellmonk_ecumenical_altar_blasted, basic_altar,
          minmay_fountain_box, uniq_crazy_yiuf_cottage
D:3:      layout_basic, serial_rivers, chequers_serial_rivers_micro_d,
          chequers_serial_rivers_small_3, chequers_serial_rivers_micro_a,
          chequers_serial_rivers_micro_b, chequers_serial_rivers_marsh,
          chequers_serial_rivers_room_b, nicolae_titane
D:4:      layout_loops_ring
D:5:      layout_loops_corners, minmay_temple_entry_nine_rooms,
          corexii_corridor_pit, uniq_eustachio, uniq_pikel
D:6:      minmay_razor_zed, layout_basic, kennysheep_mini_moat,
          lightli_ossuary_entry_decrepit_ruins
D:7:      layout_layer_cave, nicolae_overflow_hidden_temple,
          minmay_quadrilaterals, uniq_menkaure
D:8:      layout_loops_corners, gammafunk_temple_overflow_forgotten,
          nicolae_shop_firing_range, uniq_prince_ribbit1
D:9:      layout_irregular_city, erik_lair_orcish_takeover, orc_david_3
D:10:     layout_basic, dancing_weapons_uskayaw
D:11:     layout_loops_ring, minmay_misc_feat_hallway, st_stairs_14,
          vehumet_crystals
D:12:     layout_rooms
D:13:     layout_irregular_city, erik_vaults_2, fedhas_altar_1, uniq_josephine,
          uniq_rupert, uniq_sonja, uniq_nessos
D:14:     layout_basic, ebering_ghost_xom, minmay_misc_feat_nine_boxes,
          uniq_agnes
D:15:     hangedman_depths_entry_civil_slaughter, layout_basic,
          serial_park_fountain, nicolae_ru_sacrificial_ziggurat, uniq_kirke
Temple:   nicolae_temple_bog_church
Lair:1:   layout_cave_pods, infiniplex_staircase_pool_2
Lair:2:   layout_loops_ring, nicolae_spider_entry_lesser_pyramids,
          portal_ice_cave_entry_pillars_2, grunt_megastairs_3, uniq_amaemon
Lair:3:   dragon1_lemuel, layout_regular_city, minmay_swamp_entry_reptiles
Lair:4:   layout_cellular_growth, dpeg_slime_entry_enclosed,
          ebering_ghost_reflecting_pool, serial_rivers,
          chequers_serial_rivers_micro_e, chequers_serial_rivers_small_b,
          chequers_serial_rivers_small_a, chequers_serial_rivers_marsh,
          chequers_serial_rivers_micro_a, chequers_serial_rivers_micro_d,
          uniq_snorg
Lair:5:   minmay_lair_end_frog_pond, layout_big_grid
Swamp:1:  layout_falls_marsh, nicolae_swamp_decorative_isthmus,
          infiniplex_staircase_pool
Swamp:2:  layout_basic_swamp, evilmike_swamp_ruin_house_2
Swamp:3:  layout_basic_swamp, basic_altar
Swamp:4:  swamp_vile, layout_basic_swamp, swamp_pool2, hangedman_swamp_blocks
Spider:1: layout_spider_delve, uniq_mlioglotl
Spider:2: layout_chambers, uniq_roxanne
Spider:3: layout_spider_delve, nicolae_spider_paper_wasps
Spider:4: spider_rune_water, uniq_nikola
Slime:1:  layout_caves
Slime:2:  layout_caves, nicolae_slime_barrier
Slime:3:  layout_caves, cheibrodos_slime_lost_civilization_5
Slime:4:  layout_caves
Slime:5
Orc:1:    layout_caves, gammafunk_ghost_arena, serial_shops, shop
Orc:2:    grunt_orc_gardens, layout_diamond_mine, grunt_orc_garden,
          grunt_orc_garden, grunt_orc_garden, grunt_orc_garden, enter_volcano_3,
          uniq_urug
Elf:1:    layout_loops_corners, portal_desolation_entry_holy_temple,
          minmay_elf_sorcery
Elf:2:    nicolae_elf_blades_splatter_lattice
          [nicolae_vaults_blade_armed_guards], layout_geoelf_octagon,
          hellmonk_ghost_big_iron
Elf:3:    minmay_elf_hall_not_hex, layout_loops_cross, serial_shops,
          nicolae_shop_rolled_up
Vaults:1: v_pattern_1, nicolae_vaults_mitosis,
          nicolae_vaults_heart-shaped_vault, vaults_mumra_lcd,
          nicolae_vaults_whirlpool_walls, nicolae_vaults_sealed_display,
          nicolae_vaults_apartment_2, layout_vaults_omnigrid
Vaults:2: nicolae_vaults_storage_room_statues, vaults_standard_mumra_x,
          v_rooms_1, nicolae_vaults_trapezoid_lopsided_4,
          minmay_crypt_entry_nasty_monster, hangedman_vaults_locks,
          vaults_standard_mumra_enter_the_diamond, v_misc_26, v_misc_32,
          v_misc_8, nicolae_vaults_trapezoid_lopsided_3,
          vaults_room_hangedman_quadrants, layout_vaults_chaotic_city,
          serial_shops, shop, uniq_zenata, uniq_frederick, uniq_margery
Vaults:3: nicolae_vaults_little_squares_4, nicolae_vaults_house_2,
          vaults_mumra_hexcomb, vaults_mumra_chevron, ontoclasm_vaults_fault,
          nicolae_vaults_closet_pinwheel_2, nicolae_vaults_variable_pillar_hall,
          nicolae_vaults_prndl, nicolae_vaults_offset_grid_hallway_3,
          nicolae_vaults_wine_cellar, nicolae_vaults_network_square,
          st_octagons_1, v_alt_pattern_6, vaults_room_door_hall,
          grunt_vaults_diagonal, nicolae_vaults_tetromino_T_2,
          layout_vaults_ring, serial_glass, uniq_saint_roka
Vaults:4: nicolae_vaults_three_branches, ontoclasm_vaults_chip,
          nicolae_vaults_doubleplus_tesselated, vaults_dpeg_ring,
          grunt_vaults_hallway_short, layout_vaults_maze_snakey, serial_shops,
          statue_bzr
Vaults:5
Depths:1: layout_roguey, enter_ziggurat_c, hangedman_abyss_entry_splay,
          nicolae_concentric_dashed_squares_mild, special_room
          [special_room_jelly], hangedman_coc_ice_floe, nicolae_rare_books,
          hangedman_aerie_drop
Depths:2: minmay_crystal_thing, layout_basic, grunt_pan_entry_in_and_out,
          interstate_on_off, hell_entry, horrible_house_mu, uniq_asterion,
          uniq_mara
Depths:3: grunt_x_marks_the_spot, layout_cave_pools, abyss_entry_flame_altar,
          hell_entry, ebering_ghost_inner_flame, serial_rivers,
          chequers_serial_rivers_micro_b, chequers_serial_rivers_micro_a,
          chequers_serial_rivers_micro_e, chequers_serial_rivers_room_a,
          due_unseen_surprise, infiniplex_staircase_zigzag_1, uniq_parghit,
          uniq_vv, uniq_mennas
Depths:4: evilmike_zot_entry_gauntlet, layout_cave_pools, serial_shops,
          nicolae_shop_waterfront, grunt_hell_horde, amcnicky_mini_pool_small,
          elyvilon_altar_1
Zot:1:    layout_basic
Zot:2:    layout_misc_corridors, st_large_dragon_hoard_2, grunt_megastairs_2
Zot:3:    layout_onion_interference
Zot:4:    layout_cellular_growth
Zot:5:    layout_gridlike

Skill      XL: |  1  2  3  4  5  6  7  8  9 10 11 12 13 14 15 16 17 18 19 20 21 22 23 24 25 26 27 |
---------------+----------------------------------------------------------------------------------+-----
Spellcasting   | 4 5 6 8 10 12 13 15 16 18 19 20 21 22 23 25 26 27 | 27.0
Fighting       | 1 4 6 8 9 10 11 13 14 15 16 18 19 27 | 27.0
Dodging        | 6 12 16 18 19 20 22 | 22.2
Shields        | 3 10 12 | 12.0
Stealth        | |  1.5
Invocations    | |  0.1

Action                     |  1- 3 |  4- 6 |  7- 9 | 10-12 | 13-15 | 16-18 | 19-21 | 22-24 | 25-27 || total
---------------------------+-------+-------+-------+-------+-------+-------+-------+-------+-------++-------
  Melee: Unarmed           |       |     9 |       |       |       |       |       |       |       ||     9
         Punch             |       |     1 |       |       |       |       |       |       |       ||     1
         Dagger            |       |       |       |     7 |       |       |       |       |       ||     7
         Mace              |       |       |       |       |       |       |     2 |       |     2 ||     4
   Cast: Magic Dart        |    78 |    89 |    97 |   258 |   377 |   324 |   196 |   154 |    62 ||  1635
         Searing Ray       |     4 |    17 |    51 |    55 |   100 |    84 |    21 |    27 |       ||   359
         Slow              |       |     1 |    17 |    34 |    42 |     3 |     1 |     1 |     1 ||   100
         Iskenderun's Myst |       |     1 |    14 |   117 |   298 |   426 |   333 |   118 |    12 ||  1319
         Ensorcelled Hiber |       |       |     1 |       |     1 |       |       |       |       ||     2
         Olgreb's Toxic Ra |       |       |       |     4 |    14 |    74 |   117 |    66 |     4 ||   279
         Passwall          |       |       |       |     5 |       |       |       |     1 |       ||     6
         Fulminant Prism   |       |       |       |       |    25 |   109 |    43 |     3 |       ||   180
         Statue Form       |       |       |       |       |     2 |    90 |    88 |   159 |   344 ||   683
         Eringya's Noxious |       |       |       |       |       |     2 |     3 |     4 |       ||     9
         Haunt             |       |       |       |       |       |       |   110 |   189 |    25 ||   324
         Summon Horrible T |       |       |       |       |       |       |     1 |    16 |     8 ||    25
         Lehudib's Crystal |       |       |       |       |       |       |       |   155 |   392 ||   547
         Ignition          |       |       |       |       |       |       |       |       |   311 ||   311
         Fire Storm        |       |       |       |       |       |       |       |       |   180 ||   180
 Invoke: Curse Item        |       |       |       |     3 |     3 |     3 |     1 |     1 |       ||    11
         Shatter the Chain |       |       |       |       |       |     1 |     1 |       |       ||     2
    Use: Scroll            |       |       |       |    10 |     1 |       |     5 |       |     3 ||    19
         Potion            |       |       |       |     8 |     2 |     2 |     2 |     1 |     5 ||    20
 Armour: Robe              |     2 |     2 |     7 |    14 |    28 |     5 |       |       |       ||    58
         Skin              |       |       |       |       |       |   221 |   178 |   126 |   132 ||   657
  Dodge: Dodged            |    12 |    15 |    29 |    76 |    68 |   291 |   353 |   271 |   291 ||  1406
  Block: Kite shield       |       |       |       |       |       |       |    81 |   246 |   197 ||   524
